 Dungeon Crawl Stone Soup version 0.18-a0-1542-g9c1a92e (webtiles) character file.

130 4thArraOfDagon the Slasher (level 4, -17/33 HPs)
             Began as a Mummy Warper on Mar 10, 2016.
             Was a Follower of Ru.
             Killed from afar by Kidiri's ghost (18 damage)
             ... with a puff of flame
             ... on level 3 of the Dungeon.
             The game lasted 00:08:50 (2865 turns).

4thArraOfDagon the Slasher (Mummy Warper)           Turns: 2865, Time: 00:08:50

Health: -17/33     AC:  8    Str: 14    XL:     4   Next: 89%
Magic:  7/7        EV: 11    Int: 13    God:    Ru [*.....]
Gold:   143        SH:  0    Dex: 11    Spells: 3 memorised, 0 levels left

rFire  x . .     SeeInvis .     a - +0 falchion
rCold  + . .     Gourm    .     g - +0 ring mail
rNeg   + + +     Faith    .     (no shield)
rPois  ∞         Spirit   .     (no helmet)
rElec  .         Dismiss  .     h - +2 cloak
rCorr  .         Reflect  .     (no gloves)
SustAt .         Harm     .     (no boots)
MR     .....                    (no amulet)
Stlth  +.........               (no ring)
                                (no ring)

@: no scrolls, not resistant to hostile enchantments, very unstealthy
A: no food or potions, fire vulnerability, cold resistance 1, negative energy
resistance 3, torment resistance, unbreathing, inability to read while
threatened
a: Renounce Religion


You were on level 3 of the Dungeon.
You worshipped Ru.
Ru was aware of your devotion.
You were not hungry.

You visited 1 branch of the dungeon, and saw 5 of its levels.

You collected 143 gold pieces.

Inventory:

Hand Weapons
 a - a +0 falchion (weapon)
Missiles
 e - 3 tomahawks of dispersal (quivered)
Armour
 g - a +0 ring mail (worn)
 h - a +2 cloak (worn)
Scrolls
 b - a scroll of amnesia
 d - a scroll of blinking
 f - a scroll of enchant weapon
 i - a scroll of magic mapping
 j - 3 scrolls of fear {unknown}
 k - 2 scrolls of enchant armour
 l - a scroll of immolation
Books
 c - a book of Spatial Translocations

   Spells                             Type                      Level
   a - Apportation                    Translocation                1
   b - Blink                          Translocation                2
   c - Shroud of Golubria             Charms/Translocation         2
   d - Portal Projectile              Translocation                3
   e - Teleport Other                 Translocation                3
   f - Passage of Golubria            Translocation                4


   Skills:
 - Level 2.0 Fighting
 * Level 3.1 Long Blades
 - Level 0.7 Throwing
 + Level 2.0 Armour
 + Level 2.5 Dodging
 - Level 2.0 Spellcasting
 - Level 2.4 Translocations


You couldn't memorise any spells.
You knew the following spells:

 Your Spells              Type           Power        Failure   Level  Hunger
a - Apportation           Tloc           #.........   21%         1    N/A
b - Blink                 Tloc           N/A          34%         2    N/A
c - Passage of Golubria   Tloc           N/A          99%         4    N/A

Dungeon Overview and Level Annotations

Branches:
Dungeon (5/15)
 Temple: D:4-7

Altars:
Ru

Annotations:
D:3 Kidiri's ghost, amateur DEFE
D:5 yogakurto's ghost, novice OpFi


Innate Abilities, Weirdness & Mutations

You do not eat or drink.
Your flesh is vulnerable to fire.
You are immune to poison.
Your flesh is cold resistant.
You are immune to negative energy.
You are immune to unholy pain and torment.
You can survive without breathing.
You cannot read scrolls while threatened.


Message History

* * * LOW HITPOINT WARNING * * *
Unknown command.
Unknown command.
You completely miss the orc.
The orc is almost dead.
The orc hits you but does no damage.
Unknown command.
You closely miss the orc.
The orc is almost dead.
The orc closely misses you.
Unknown command.
You barely miss the orc.
The orc is almost dead.
The orc hits you with a war axe.
You feel threatened and lose the ability to read scrolls!
* * * LOW HITPOINT WARNING * * *
Kidiri's ghost gestures at you while chanting.
The puff of flame hits you! The fire burns you terribly!
Ouch! That really hurt!
You die...

............#
#.......W.......##
.......####.#
#.######..........
.......# ### #.#
##'#####...
.......##### #.#
#.#####...
.......#..>#
#.#######.........
.......o...#
#.#...............
...........#
#.#.#####.......##
......o....### #W#.#
#.........
.......#..)<.# #@#.#
#.........
.......#....>###o#)#
#.........
####...+.....'...#.#
#.......<.
#...#.....#####.#
#.........
#...##...)# #.#
#.........
#...##....# #.#
#......... #...
#....# #.#
#......... #....#
#.# ##########
#....#
#.##############


You could see Kidiri's ghost and an orc.

Vanquished Creatures
  4 adders
  An ooze (D:3)
  2 worms (D:2)
  2 dart slugs
  A giant gecko (D:1)
  12 orcs
  A giant cockroach (D:1)
  6 goblins
  10 hobgoblins
  5 jackals (D:1)
  4 kobolds
  A ball python (D:4)
  4 bats
  2 giant newts
  9 rats
64 creatures vanquished.

Notes
Turn   | Place    | Note
--------------------------------------------------------------
     0 | D:1      | 4thArraOfDagon the Mummy Warper began the quest for the Orb.
     0 | D:1      | Reached XP level 1. HP: 16/16 MP: 3/3
    35 | D:1      | Reached skill level 1 in Armour
   105 | D:1      | Reached XP level 2. HP: 20/22 MP: 5/5
   138 | D:1      | Reached skill level 2 in Long Blades
   453 | D:3      | Found a sacrificial altar of Ru.
   470 | D:3      | Became a worshipper of Ru the Awakened
   511 | D:3      | Learned a level 2 spell: Blink
   613 | D:3      | Reached XP level 3. HP: 27/27 MP: 6/6
   810 | D:2      | Reached XP level 4. HP: 22/33 MP: 7/7
  1063 | D:5      | Entered Level 5 of the Dungeon
  1215 | D:5      | Noticed yogakurto's ghost (novice OpFi)
  2068 | D:2      | Reached skill level 3 in Long Blades
  2120 | D:2      | Gained mutation: You cannot read scrolls while threatened. [Ru sacrifice]
  2120 | D:2      | Reached * piety under Ru
  2440 | D:3      | Noticed Kidiri's ghost (amateur DEFE)
  2473 | D:2      | Learned a level 4 spell: Passage of Golubria
  2865 | D:3      | HP: 1/33 [orc/war axe (3)]
  2865 | D:3      | Killed from afar by Kidiri's ghost

Vault maps used:
D:1:      scummos_arrival_hexagon
D:2:      serial_curves, eino_curves_04, eino_curves_02, eino_curves_01,
          eino_curves_01, kennysheep_another_room
D:3:      nicolae_ru_the_path_less_chosen
D:4:      minitemple, minmay_temple_entry_enclosed_plants, first_bread
D:5:      kennysheep_windowed_halls, serial_shops, nicolae_shop_statue_plus,
          shop, kennysheep_generic_room_7, uniq_edmund

Skill      XL: |  1  2  3  4 |
---------------+-------------+-----
Armour         | 1 2 |  2.0
Long Blades    | 2 3 |  3.1
Dodging        | 2 |  2.5
Fighting       | |  2.0
Throwing       | |  0.7
Spellcasting   | |  2.0
Translocations | |  2.4

Action                   |  1- 3 |  4- 6 || total
-------------------------+-------+-------++-------
Melee: Falchion          |   130 |   181 ||   311
Throw: Tomahawk          |       |     2 ||     2
Invok: Sacrifice Words   |       |     1 ||     1
  Use: Scroll            |       |     5 ||     5
